 Dungeon Crawl Stone Soup version 0.22-a0-455-ga0624bf (webtiles) character file.

202 KristoblXynda the Chopper (level 5, -1/46 HPs)
             Began as a Deep Dwarf Fighter on June 5, 2018.
             Slain by a gnoll
             ... wielding a +0 spear
              (7 damage)
             ... on level 3 of the Dungeon.
             The game lasted 00:03:53 (1855 turns).

KristoblXynda the Chopper (Deep Dwarf Fighter)      Turns: 1855, Time: 00:03:53

Health: -1/46      AC:  7    Str: 21    XL:     5   Next: 50%
Magic:  5/5        EV:  7    Int:  8    God:
Gold:   56         SH: 10    Dex: 12    Spells: 4/4 levels left

rFire    . . .     SeeInvis .   a - +0 war axe
rCold    . . .     Gourm    .   c - +0 shield
rNeg     . . .     Faith    .   b - +0 scale mail
rPois    .         Spirit   .   (no helmet)
rElec    .         Reflect  .   (no cloak)
rCorr    .         Harm     .   (no gloves)
MR       .....                  (no boots)
Stlth    ..........             (no amulet)
HPRegen  0.00/turn              (no ring)
MPRegen  0.09/turn              (no ring)

@: non-regenerating
A: damage resistance, heal wounds, sense surroundings 1, no regeneration
a: Heal Wounds


You were on level 3 of the Dungeon.
You were not hungry.

You visited 1 branch of the dungeon, and saw 3 of its levels.

You collected 56 gold pieces.

Inventory:

Hand Weapons
 a - a +0 war axe (weapon)
Armour
 b - a +0 scale mail (worn)
 c - a +0 shield (worn)
Jewellery
 k - an uncursed amulet of magic regeneration {unknown}
Wands
 l - a wand of flame (13)
Scrolls
 g - 2 scrolls of fear {unknown}
 o - a scroll of blinking {unknown}
 q - 2 scrolls of identify {unknown}
Potions
 d - a potion of might
 e - a potion of haste {unknown}
 h - a potion of lignification {unknown}
 i - a potion of ambrosia {unknown}
 j - a potion of heal wounds {unknown}
 m - a potion of degeneration {unknown}
 n - a potion of curing {unknown}
 p - a potion of brilliance {unknown}
 r - a potion of magic {unknown}
Comestibles
 f - 5 rations


   Skills:
 - Level 2.6 Fighting
 * Level 4.7 Axes
 + Level 4.4 Armour
 + Level 4.4 Shields


You had 4 spell levels left.
You didn't know any spells.
Your spell library was empty.

Dungeon Overview and Level Annotations

Branches:
Dungeon (3/15)

Altars:
Dithmenos
Qazlal
Uskayaw


Innate Abilities, Weirdness & Mutations

You are resistant to damage.
You can heal yourself by infusing magical energy.
You passively map a small area around you.
You do not regenerate.


Message History

The gnoll is almost dead.
The gnoll hits you with a club.
You hit the gnoll but do no damage.
The gnoll is almost dead.
The gnoll hits you but does no damage. You block the gnoll's attack.
The leopard gecko bites you.
You hit the gnoll.
The gnoll is lightly wounded.
You slash the leopard gecko!
You kill the leopard gecko!
The gnoll hits you from afar with a halberd.
You closely miss the gnoll.
The gnoll is lightly wounded.
The gnoll completely misses you. The gnoll hits you with a spear.
* * * LOW HITPOINT WARNING * * *
You block the gnoll's attack.
The gnoll hits you from afar with a halberd!
* * * LOW HITPOINT WARNING * * *
The gnoll hits you from afar with a spear!
You die...

* * .......>. , * * ,
* > ......... , , ,,
#........ , #.......##
#........ , ##
##......#** *
,.####.......########
*
,...........@#.......
#.##........#.......,
, *
#.##.#....g##.......
#.##......ggg.gg.g..
###.....†..####.......
###...)....### .......
, .....#†)#####
###.#.. .###.#))## #,.
.........# *,


You could see 2 gnolls.

Vanquished Creatures
  A crimson imp (D:2)
  An orc priest (D:3)
  An orc wizard (D:3)
  Robin (D:2)
  3 adders
  2 worms
  A leopard gecko (D:3)
  5 orcs
  5 giant cockroaches
  6 goblins
  8 hobgoblins
  7 jackals (D:1)
  10 kobolds
  A quokka (D:2)
  2 ball pythons
  2 frilled lizards
  2 rats
58 creatures vanquished.

Notes
Turn   | Place    | Note
-------+----------+-------------------------------------------
     0 | D:1      | KristoblXynda the Deep Dwarf Fighter began the quest for the Orb.
     0 | D:1      | Reached XP level 1. HP: 20/20 MP: 1/1
   175 | D:1      | Reached XP level 2. HP: 27/27 MP: 2/2
   867 | D:2      | Reached XP level 3. HP: 23/33 MP: 3/3
   903 | D:2      | Noticed Robin
   919 | D:2      | Killed Robin
  1123 | D:2      | Reached XP level 4. HP: 23/40 MP: 4/4
  1683 | D:3      | Found a stormy altar of Qazlal.
  1683 | D:3      | Found a shadowy altar of Dithmenos.
  1683 | D:3      | Found a hide-covered altar of Uskayaw.
  1815 | D:3      | Reached XP level 5. HP: 23/46 MP: 5/5
  1855 | D:3      | Slain by a gnoll

Vault maps used:
D:1:      ncdulo_lavacross, hex_medium
D:2:      first_ration, uniq_robin
D:3:      lemuel_crystal_altar, gammafunk_temple_overflow_claw

Skill      XL: |  1  2  3  4 |
---------------+-------------+-----
Axes           | 3 4 |  4.7
Armour         | 4 |  4.4
Shields        | 4 |  4.4
Fighting       | |  2.6

Action                   |  1- 3 |  4- 6 || total
-------------------------+-------+-------++-------
Melee: War axe           |   126 |    60 ||   186
 Abil: Heal Wounds       |       |     2 ||     2
  Eat: Chunk             |     1 |     2 ||     3
Armor: Scale mail        |    54 |    25 ||    79
Dodge: Dodged            |    34 |    12 ||    46
Block: Shield            |    75 |    40 ||   115

Table legend:
 A = Spawn XP
 B = Non-spawn XP
 C = Spawn XP percentage of total XP
 D = Spawn monster count
 E = Non-spawn monster count
 F = Spawn count percentage of total count
 G = Total turns spent on level
                    A         B        C        D         E        F      G
               +---------+---------+-------+---------+---------+-------+---------
         Total |       0 |     289 |   0.0 |       0 |      58 |   0.0 |  1855
               +---------+---------+-------+---------+---------+-------+---------
           D:1 |       0 |      38 |   0.0 |       0 |      22 |   0.0 |   835
           D:2 |       0 |     124 |   0.0 |       0 |      20 |   0.0 |   751
           D:3 |       0 |     127 |   0.0 |       0 |      16 |   0.0 |   269
               +---------+---------+-------+---------+---------+-------+---------
